 Dungeon Crawl Stone Soup version 0.20.1-1-g8b1a95d (webtiles) character file.

83 bleh the Sneak (level 4, -4/36 HPs)
             Began as a Demigod Assassin on June 16, 2018.
             Slain by a leopard gecko (5 damage)
             ... on level 3 of the Dungeon.
             The game lasted 00:09:37 (2319 turns).

bleh the Sneak (Demigod Assassin)                   Turns: 2319, Time: 00:09:38

Health: -4/36      AC:  3    Str: 14    XL:     4   Next: 2%
Magic:  6/6        EV: 12    Int: 15    God:
Gold:   95         SH:  0    Dex: 19    Spells: 3/3 levels left

rFire    . . .     SeeInvis .   a - +2 dagger
rCold    . . .     Gourm    .   (no shield)
rNeg     . . .     Faith    .   g - +0 robe
rPois    .         Spirit   .   (no helmet)
rElec    .         Reflect  .   d - +0 cloak
rCorr    .         Harm     .   (no gloves)
MR       .....                  (no boots)
Stlth    +++.......             (no amulet)
Regen    0.2/turn               (no ring)
MPRegen  0.1/turn               (no ring)

@: no status effects
A: high mp 1
a: no special abilities


You were on level 3 of the Dungeon.
You were not hungry.

You visited 1 branch of the dungeon, and saw 3 of its levels.

You collected 95 gold pieces.

Inventory:

Hand Weapons
 a - a +2 dagger (weapon)
 b - a +0 blowgun
Missiles
 e - 8 poisoned needles
 f - 2 curare-tipped needles
Armour
 c - a +0 robe
 d - a +0 cloak (worn)
 g - a +0 robe (worn)
 m - a +0 ring mail
Scrolls
 i - a scroll of immolation
 k - 2 scrolls of remove curse {unknown}
 l - a scroll of identify
 n - a scroll of fear
 o - a scroll of blinking {unknown}
 p - a scroll of noise {unknown}
Potions
 j - a potion of mutation {unknown}
Comestibles
 h - 2 bread rations
 q - a royal jelly


   Skills:
 * Level 2.1 Fighting
 + Level 2.3 Short Blades
 + Level 1.8 Throwing
 + Level 1.7 Dodging
 + Level 4.6 Stealth


You had 3 spell levels left.
You didn't know any spells.

Dungeon Overview and Level Annotations

Branches:
Dungeon (3/15)

Annotations:
D:2 Robin


Innate Abilities, Weirdness & Mutations

You have an increased reservoir of magic. (+10% MP)


Message History

You are too injured to fight recklessly!
You barely miss the hobgoblin. The hobgoblin hits you with a club.
The ball python completely misses you. The ball python grabs you.
The ball python constricts you. The leopard gecko closely misses you.
You barely miss the hobgoblin. The hobgoblin barely misses you.
The ball python bites you but does no damage.
The ball python constricts you.
The leopard gecko bites you but does no damage.
You hit the hobgoblin.
The hobgoblin is moderately wounded.
The hobgoblin hits you with a club.
* * * LOW HITPOINT WARNING * * *
The ball python bites you.
* * * LOW HITPOINT WARNING * * *
The ball python constricts you. The leopard gecko bites you.
* * * LOW HITPOINT WARNING * * *
You escape the ball python's grasp.
The hobgoblin hits you but does no damage.
The leopard gecko bites you.
You die...

####....########
#...............
##.#....######## # ####
#.#....# #...# ..##...##
#...#### ##.... ........##
###.######..... .....<...#
#............
........S#######.....##....
........gl@......###.####.#
......).######...###.#....#
..#....## ##...#...........
#.### ###..###.###....... #
##....<...###.......
#.........#.........
#.#.......#.รท.......
##...###.#.................
##.....#..#.................


You could see a leopard gecko, a hobgoblin and a ball python.

Vanquished Creatures
  An adder (D:3)
  A worm (D:3)
  3 dart slugs
  5 leopard geckos
  4 bats
  3 giant cockroaches
  11 goblins
  6 hobgoblins
  4 jackals (D:1)
  3 kobolds (D:1)
  A quokka (D:3)
  A ball python (D:1)
  6 frilled lizards
  8 rats
57 creatures vanquished.

Notes
Turn   | Place    | Note
-------+----------+-------------------------------------------
     0 | D:1      | bleh the Demigod Assassin began the quest for the Orb.
     0 | D:1      | Reached XP level 1. HP: 17/17 MP: 3/3
    68 | D:1      | Reached skill level 4 in Stealth
   152 | D:1      | Reached XP level 2. HP: 10/24 MP: 4/4
   659 | D:1      | Reached skill level 1 in Dodging
   805 | D:1      | HP: 1/24 [jackal (1)]
  1122 | D:1      | Reached XP level 3. HP: 29/29 MP: 5/5
  1455 | D:2      | Found a basalt altar of Yredelemnul.
  1538 | D:2      | Noticed Robin
  1669 | D:3      | Found a white marble altar of Elyvilon.
  2291 | D:3      | Reached XP level 4. HP: 28/36 MP: 6/6
  2316 | D:3      | HP: 1/36 [leopard gecko (5)]
  2319 | D:3      | Slain by a leopard gecko

Skill      XL: |  1  2  3 |
---------------+----------+-----
Stealth        | 4 |  4.6
Dodging        | 1 |  1.7
Short Blades   | 2 |  2.3
Fighting       | 2 |  2.1
Throwing       | |  1.8

Action                   |  1- 3 |  4- 6 || total
-------------------------+-------+-------++-------
Melee: Dagger            |   185 |    11 ||   196
  Use: Potion            |     2 |       ||     2
       Scroll            |     3 |       ||     3
 Stab: Sleeping          |    12 |       ||    12
  Eat: Bread ration      |     1 |       ||     1
       Chunk             |     1 |       ||     1
Armor: Robe              |    51 |     5 ||    56
Dodge: Dodged            |   119 |    11 ||   130
